 Dungeon Crawl Stone Soup version 0.30-a0-222-ge547ba4400 (webtiles) character file.

Game seed: 16785076210601054058

107 glaedl the Grave Robber (level 4, -2/33 HPs)
             Began as a Ghoul Necromancer on Oct 9, 2022.
             Slain by an ufetubus (3 damage)
             ... on level 2 of the Dungeon.
             The game lasted 00:08:40 (2627 turns).

glaedl the Grave Robber (Ghoul Necromancer)         Turns: 2627, Time: 00:08:40

Health: -2/33      AC:  2    Str: 11    XL:     4   Next: 85%
Magic:  5/7        EV: 12    Int: 12    God:
Gold:   114        SH:  0    Dex:  9    Spells: 7/8 levels left

rFire   . . .      SeeInvis .    g - +0 short sword (speed)
rCold   + . .      Faith    .    (no shield)
rNeg    + + +      Spirit   .    a - +0 robe
rPois   ∞          Reflect  .    (no helmet)
rElec   .          Harm     .    (no cloak)
rCorr   .          Rampage  .    (no gloves)
Will    .....                    (no boots)
Stlth   ++........               (no amulet)
HPRegen 0.00/turn                (no ring)
MPRegen 0.10/turn                (no ring)

@: inhibited regen
A: claws 1, cold resistance 1, negative energy resistance 3, inhibited
regeneration, torment resistance 2, devour on kill
a: no special abilities


You were on level 2 of the Dungeon.
You visited 1 branch of the dungeon, and saw 3 of its levels.

You collected 114 gold pieces.

Inventory:

Hand Weapons
 g - a +0 short sword of speed (weapon)
 h - a +0 sling
Armour
 a - a +0 robe (worn)
Magical Staves
 i - a staff of conjuration
Scrolls
 f - a scroll of teleportation
 j - a scroll of magic mapping
Potions
 b - a potion of magic
 l - a potion of might {unknown}
 m - a potion of attraction {unknown}


   Skills:
 - Level 1.8 Dodging
 - Level 2.2 Stealth
 + Level 2.7 Spellcasting
 * Level 5.4 Necromancy


You had 7 spell levels left.
You knew the following spells:

 Your Spells              Type           Power      Damage    Failure   Level
a - Necrotise             Necr           56%        1d6       2%          1

Your spell library contained the following spells:

 Spells                   Type           Power      Damage    Failure   Level
 Vampiric Draining        Necr           14%        2d7       9%          3
 Animate Dead             Necr           14%        N/A       26%         4
 Agony                    Necr           14%        N/A       58%         5


Dungeon Overview and Level Annotations

Branches:
Dungeon (3/15)

Altars:


Innate Abilities, Weirdness & Mutations

You are immune to poison.
You have sharp fingernails.
Your flesh is cold resistant. (rC+)
You are immune to negative energy. (rN+++)
You do not regenerate when monsters are visible.
You are immune to unholy pain and torment.
You thrive by killing the living.


Message History

The adder barely misses you. The ufetubus hits you.
The ufetubus completely misses you.
Aiming: Necrotise (safe; 2% risk of failure)
Press: ? - help, Q - select action Shift-Dir - straight line, f/p - adder
Aim: an adder (severely wounded, chance to affect: 78%)
The adder writhes in agony.
You kill the adder!
The dead are slithering!
The ufetubus closely misses you. The ufetubus hits you.
You barely miss the ufetubus. The ufetubus completely misses you.
The ufetubus misses you. The ufetubus completely misses you.
The ufetubus barely misses you.
You hit the ufetubus but do no damage. The ufetubus barely misses you.
The ufetubus hits you. The ufetubus closely misses you. The ufetubus hits you.
You barely miss the ufetubus. The ufetubus barely misses you.
The ufetubus hits you.
* * * LOW HITPOINT WARNING * * *
Your adder skeleton closely misses the ufetubus.
The ufetubus closely misses you.
The ufetubus hits you but does no damage.
Your adder skeleton misses the ufetubus.
You feel better. The ufetubus closely misses you. The ufetubus hits you.
Your adder skeleton closely misses the ufetubus.
Your claws tingle!
g - a +0 short sword of speed (weapon)
The ufetubus hits you.
* * * LOW HITPOINT WARNING * * *
The ufetubus hits you.
* * * LOW HITPOINT WARNING * * *
You barely miss the ufetubus.
Your adder skeleton bites the ufetubus.
The ufetubus closely misses you. The ufetubus hits you.
* * * LOW HITPOINT WARNING * * *
You closely miss the ufetubus.
The ufetubus is lightly wounded.
The ufetubus barely misses you. The ufetubus hits you.
* * * LOW HITPOINT WARNING * * *
Your adder skeleton bites the ufetubus but does no damage.
You closely miss the ufetubus. The ufetubus barely misses you.
The ufetubus hits you.
You die...

~.~~.~.~~~~~~≈≈≈≈≈~~~.......#
........~P~P~).≈≈≈≈≈P~~..#.###
####..#....~~~..≈~≈≈≈~~......#
##...........P.≈~≈~P~...#.#
#####...#....~~~≈≈≈~~~...#
###.####...!≈≈≈≈~.~..#
#..###....P≈≈≈≈~...#
############...Z.....#≈≈≈##..#
...............5@....##≈≈≈#..#
#################..)###≈≈##..#
##### ##≈≈#### ##≈≈ #


You could see an ufetubus (ally target) and a friendly adder skeleton.

Vanquished Creatures
  A gnoll (D:1)
  5 adders (D:2)
  4 ball pythons
  6 bats
  2 endoplasms (D:1)
  3 giant cockroaches
  5 goblins
  7 hobgoblins
  3 jackals (D:1)
  4 kobolds
  2 quokkas
  6 frilled lizards
  3 rats (D:1)
51 creatures vanquished.

Vanquished Creatures (others)
  5 plants (D:2)
5 creatures vanquished.

Grand Total: 56 creatures vanquished

Notes
Turn   | Place    | Note
-------+----------+-------------------------------------------
     0 | D:1      | glaedl the Ghoul Necromancer began the quest for the Orb.
     0 | D:1      | Reached XP level 1. HP: 14/14 MP: 2/2
   248 | D:1      | Reached XP level 2. HP: 7/20 MP: 0/3
   497 | D:1      | Reached XP level 3. HP: 26/26 MP: 0/5
   999 | D:1      | Noticed a golden eye
  1001 | D:1      | Found a faded altar of an unknown god.
  1005 | D:1      | Noticed a great orb of eyes
  1005 | D:1      | Noticed a great orb of eyes
  1005 | D:1      | Noticed a golden eye
  1444 | D:2      | Reached skill level 5 in Necromancy
  1469 | D:2      | Reached XP level 4. HP: 33/33 MP: 2/6
  2615 | D:3      | HP: 1/33 [ufetubus (4)]
  2626 | D:2      | HP: 1/33 [ufetubus (2)]
  2627 | D:2      | Slain by an ufetubus

Illustrated notes

Levels and vault maps discovered:
D:1:      arrival_zaba_pyramid, layout_basic,
          hellmonk_ecumenical_altar_watching_god, st_stairs_13
D:2:      layout_basic, roderic_serpentine_path, chequers_big_river
D:3:      layout_rooms, lemuel_round_altar, uniq_robin

Skill      XL: |  1  2  3 |
---------------+----------+-----
Spellcasting   | 2 |  2.7
Necromancy     | 5 |  5.4
Dodging        | |  1.8
Stealth        | |  2.2

Action                   |  1- 3 |  4- 6 || total
-------------------------+-------+-------++-------
Melee: Unarmed           |     1 |       ||     1
       Short sword       |    25 |     3 ||    28
       Staff             |     3 |     8 ||    11
 Cast: Necrotise         |    58 |    33 ||    91
  Use: Scroll            |     4 |     2 ||     6
       Potion            |       |     2 ||     2
Armor: Robe              |     5 |     4 ||     9
Dodge: Dodged            |    46 |    41 ||    87

Table legend: (Time is in decaauts)
 A = Elapsed time spent in this place.
 B = Non-inter-level travel time spent in this place.
 C = Inter-level travel time spent in this place.
 D = Time resting spent in this place.
 E = Time spent auto-exploring this place.
 F = Levels seen in this place.
 G = Mean time per level.
                   A        B        C        D        E       F      G
               +--------+--------+--------+--------+--------+-----+--------+
         Total |   2636 |   2600 |     36 |     47 |   2168 |   3 |  878.7 |
       Dungeon |   2636 |   2600 |     36 |     47 |   2168 |   3 |  878.7 |
               +--------+--------+--------+--------+--------+-----+--------+

Top non-repeatable levels by time:
     D:2: 1375 daAuts
     D:1: 1237 daAuts
     D:3: 24 daAuts
